AoeStats
← vgutierrez

Black Forest

509162506Analyzed
4v4 RM · 7d ago on Sep 25, 2026· 67m 30s· 8 players
Game mode
Random Map
Map size
Large (8 player)
Population
200
Speed
Normal
Resources
Standard
Victory
Conquest
Starting age
Dark Age
Ending age
Imperial Age
RankedLock teamsTeams togetherTeam positionsShared explorationLock speedFull tech treeHidden civsTurbo modeCheats
Victory
Defeat
🇬🇧 Sicilians · United Kingdom
901
+13
🇧🇷 Hindustanis · Brazil
837
+16
🇫🇷 Magyars · France
813
+17
🇺🇾 Burgundians · Uruguay
800
+38
🇵🇹 Teutons · Portugal
862
-17
🇨🇳 Danes · China
846
-16
🇮🇳 Khmer · India
822
-15
🇱🇹 Ethiopians · Lithuania
817
-15
ThePriest10
0:37 Loom
12:45 Feudal Age
14:37 Double-Bit Axe
25:25 Castle Age
22:55 Man-at-Arms
26:30 Long Swordsman
32:56 Bow Saw
34:19 Gold Mining
36:03 Wheelbarrow
35:13 Town Watch
36:17 Caravan
36:37 Stone Mining
36:34 Horse Collar
37:58 Hand Cart
39:11 Town Patrol
39:41 Scale Barding Armor
39:38 Padded Archer Armor
39:47 Heavy Plow
43:22 Imperial Age
42:53 Chain Barding Armor
42:51 Leather Archer Armor
42:27 Fletching
42:47 Forging
42:41 Scale Mail Armor
44:37 Stone Shaft Mining
44:37 Crop Rotation
45:10 Two-Man Saw
44:51 Plate Barding Armor
44:21 Scale Mail Armor
44:32 Forging
44:12 Fletching
43:47 Cavalier
45:13 Guilds
45:34 Coinage
45:09 Paladin
47:09 Ring Archer Armor
46:55 Chain Mail Armor
49:12 Chemistry
48:32 Ballistics
47:42 Capped Ram
47:42 Heavy Scorpion
47:54 Heavy Scorpion
64:07 Pikeman
64:48 Squires
65:31 Two-Handed Swordsman
Jenius
2:17 Loom
13:21 Feudal Age
16:02 Town Watch
21:07 Castle Age
18:53 Horse Collar
19:56 Double-Bit Axe
20:45 Gold Mining
20:48 Stone Mining
23:25 Wheelbarrow
25:21 Squires
25:07 Arson
25:52 Scale Mail Armor
26:37 Forging
28:59 Iron Casting
37:42 Fletching
38:08 Chain Mail Armor
39:14 Bodkin Arrow
39:43 Caravan
42:40 Hand Cart
46:53 Padded Archer Armor
47:18 Ballistics
47:38 Bow Saw
47:58 Leather Archer Armor
48:16 Thumb Ring
48:28 Town Patrol
47:52 Elite Skirmisher
52:00 Imperial Age
50:37 Careening
50:26 Murder Holes
52:46 Crossbowman
53:30 Bracer
54:00 Ring Archer Armor
54:14 Conscription
55:42 Chemistry
54:55 Masonry
54:43 Crossbowman
56:37 Siege Engineers
58:32 Blast Furnace
58:02 Plate Mail Armor
58:38 Arbalester
65:30 Elite Shotel Warrior
66:12 Royal Heirs
67:14 Plate Mail Armor
EL Dor@do™
0:29 Loom
13:34 Feudal Age
22:44 Castle Age
20:58 Horse Collar
21:24 Double-Bit Axe
24:35 Heavy Plow
30:16 Imperial Age
31:58 Double Crossbow
31:26 Elite Skirmisher
34:13 Chemistry
33:34 Ballistics
33:07 Fletching
37:09 Conscription
38:54 Bodkin Arrow
39:46 Heavy Scorpion
41:18 Crop Rotation
43:37 Siege Engineers
43:46 Fortified Wall
45:52 Pikeman
46:36 Bracer
46:43 Halberdier
47:38 Forging
47:34 Scale Barding Armor
50:51 Iron Casting
50:37 Chain Barding Armor
50:24 Caravan
53:04 Blast Furnace
59:26 Murder Holes
大哈巴犬
0:29 Loom
Done
0:37 Loom
12:23 Feudal Age
13:37 Town Watch
13:48 Double-Bit Axe
18:53 Wheelbarrow
24:58 Castle Age
23:04 Horse Collar
26:10 Stone Mining
27:44 Hand Cart
31:29 Stone Shaft Mining
36:41 Bow Saw
39:19 Heavy Plow
43:19 Imperial Age
43:26 Ballistics
45:02 Conscription
44:10 Onager
48:24 Caravan
48:12 Siege Onager
50:39 Gold Mining
53:07 Scale Mail Armor
53:18 Forging
52:33 Pikeman
55:56 Chain Mail Armor
56:17 Iron Casting
56:15 Crop Rotation
55:47 Town Patrol
56:13 Capped Ram
56:58 Halberdier
59:54 Plate Mail Armor
60:25 Blast Furnace
59:37 Siege Engineers
61:13 Scale Barding Armor
62:18 Chemistry
61:04 Siege Ram
65:02 Illumination
64:50 Fervor
Ryô Saeba
0:56 Loom
13:41 Feudal Age
18:08 Castle Age
16:45 Wheelbarrow
16:58 Wheelbarrow
16:20 Double-Bit Axe
16:53 Horse Collar
26:32 Fletching
29:28 Gold Mining
32:27 Hand Cart
33:06 Bodkin Arrow
33:12 Padded Archer Armor
33:30 Bow Saw
33:30 Heavy Plow
33:32 Stone Mining
38:57 Thumb Ring
41:27 Imperial Age
39:30 Leather Archer Armor
39:29 Bloodlines
39:19 Husbandry
41:58 Ballistics
41:40 Heavy Cavalry Archer
43:02 Parthian Tactics
42:42 Bracer
43:29 Gold Shaft Mining
45:14 Chemistry
45:32 Conscription
46:48 Treadmill Crane
48:14 Recurve Bow
49:35 Crop Rotation
52:00 Light Cavalry
53:24 Scale Barding Armor
53:24 Hussar
56:33 Chain Barding Armor
59:46 Elite Magyar Huszar
63:03 Onager
vgutierrez
10:26 Double-Bit Axe
11:09 Gold Mining
15:12 Feudal Age
15:37 Horse Collar
18:04 Bow Saw
19:35 Wheelbarrow
19:11 Heavy Plow
24:20 Castle Age
26:48 Pikeman
27:46 Cavalier
32:01 Hand Cart
36:59 Crop Rotation
53:19 Imperial Age
53:51 Gold Shaft Mining
54:39 Halberdier
56:28 Forging
56:19 Scale Mail Armor
60:27 Iron Casting
pedroneto1101
10:19 Feudal Age
10:54 Double-Bit Axe
11:55 Horse Collar
13:38 Loom
15:33 Wheelbarrow
18:31 Castle Age
16:55 Gold Mining
16:57 Stone Mining
17:11 Scale Mail Armor
18:32 Forging
18:28 Scale Barding Armor
22:19 Squires
22:39 Pikeman
28:27 Heavy Plow
29:37 Town Watch
32:00 Hand Cart
36:38 Imperial Age
34:09 Town Patrol
35:12 Bloodlines
35:03 Husbandry
35:39 Iron Casting
35:25 Chain Barding Armor
35:52 Bow Saw
36:26 Masonry
36:13 Murder Holes
36:39 Ballistics
37:00 Gold Shaft Mining
37:11 Stone Shaft Mining
37:17 Heavy Camel Rider
38:28 Caravan
40:00 Blast Furnace
42:08 Chemistry
41:20 Fortified Wall
41:11 Imperial Camel Rider
44:26 Two-Man Saw
44:05 Plate Barding Armor
43:45 Chain Mail Armor
43:21 Fletching
44:58 Padded Archer Armor
45:32 Coinage
46:15 Conscription
45:58 Grand Trunk Road
47:22 Shatagni
47:54 Elite Ghulam
49:30 Hoardings
48:52 Bodkin Arrow
49:12 Leather Archer Armor
49:28 Siege Engineers
49:14 Guard Tower
Connection lost

Rejoining the realm…

Still unreachable

The connection could not be restored.

Session expired

The server has moved on; the page needs a fresh start.